 Dungeon Crawl Stone Soup version 0.18.1-8-gdd0e5ea (webtiles) character file.

352 tyvek the Poker (level 6, 0/48 HPs)
             Began as a Merfolk Skald on May 23, 2016.
             Slain by a sky beast (5 damage)
             ... in the Ecumenical Temple.
             The game lasted 00:12:29 (4630 turns).

tyvek the Poker (Merfolk Skald)                     Turns: 4630, Time: 00:12:29

Health: 0/48       AC:  5    Str: 15    XL:     6   Next: 62%
Magic:  1/9        EV: 13    Int: 11    God:
Gold:   134        SH:  0    Dex: 13    Spells: 4 memorised, 1 level left

rFire  . . .     SeeInvis .     a - +0 spear
rCold  . . .     Gourm    +     b - +0 leather armour
rNeg   . . .     Faith    .     (no shield)
rPois  .         Spirit   .     (no helmet)
rElec  .         Dismiss  .     (no cloak)
rCorr  .         Reflect  .     (no gloves)
SustAt .         Harm     .     g - +1 pair of boots
MR     .....                    p - amulet of the gourmand {Gourm, !d}
Stlth  +.........               (no ring)
                                (no ring)

@: infused (expiring), singing (expiring), not resistant to hostile
enchantments, very unstealthy
A: change form in water, swift swim
a: Stop Singing


You were in the Ecumenical Temple.
You were very full.

You visited 2 branches of the dungeon, and saw 5 of its levels.

You collected 134 gold pieces.

Inventory:

Hand Weapons
 a - a +0 spear (weapon)
Missiles
 m - 2 throwing nets (quivered) {=f, !d}
Armour
 b - a +0 leather armour (worn)
 g - a +1 pair of boots (worn)
   (You found it on level 1 of the Dungeon)
Jewellery
 p - an amulet of the gourmand (around neck) {Gourm, !d}
   (You found it on level 3 of the Dungeon)
Potions
 f - a potion of lignification {!q}
 h - a potion of flight
Books
 c - a book of Battle
Comestibles
 n - 2 bread rations {@e1}
 o - a meat ration {@e2}


   Skills:
 + Level 4.1 Fighting
 + Level 5.5 Polearms
 - Level 0.6 Armour
 + Level 4.0 Dodging
 - Level 2.0 Spellcasting
 + Level 5.1 Charms


You had one spell level left.
You knew the following spells:

 Your Spells              Type           Power        Failure   Level  Hunger
a - Infusion              Chrm           ##..         4%          1    ##.....
r - Regeneration          Chrm/Necr      #.........   38%         3    ####...
s - Shroud of Golubria    Chrm/Tloc      #.........   21%         2    ###....
S - Song of Slaying       Chrm           ##......     10%         2    ###....


Dungeon Overview and Level Annotations

Branches:
Dungeon (4/15)             Temple (1/1) D:4

Altars:
Elyvilon


Message History

Health restored: 48 An adder and a phantom come into view.
The phantom blinks!
Found a staircase to the Ecumenical Temple.
The sky beast flickers out of sight!
Deactivating autopickup; reactivate with Ctrl-A.
A sky beast appears from thin air!
Reactivating autopickup.
The adder barely misses you. The adder bites you but does no damage.
The adder bites you but does no damage. The phantom completely misses you.
There is a staircase to the Ecumenical Temple here.
You begin infusing your attacks with magical energy.
The adder barely misses you. The sky beast completely misses you.
The phantom blinks!
You now have 8/9 mp.
You start singing a song of slaying.
You hear a shout!
The adder bites you but does no damage. The sky beast barely misses you.
You now have 6/9 mp.
You hit the sky beast! The adder misses you. The sky beast misses you.
The adder bites you but does no damage.
An ogre comes into view. It is wielding a giant spiked club.
You now have 5/9 mp.
The phantom blinks!
The sky beast hits you. The sky beast shocks you. The adder barely misses you.
You climb downwards.
Welcome to the Ecumenical Temple!
There is a staircase back to the Dungeon here.
You take 6 damage, and have 42/48 hp.
You hit the sky beast. The adder barely misses you.
The sky beast closely misses you.
You now have 4/9 mp.
You hit the sky beast. The adder bites you but does no damage.
The sky beast hits you. The sky beast shocks you.
You take 6 damage, and have 37/48 hp.
You now have 3/9 mp.
You hit the adder. The adder bites you but does no damage.
You now have 2/9 mp.
You closely miss the adder. The sky beast closely misses you.
The adder bites you.
You are poisoned.
The adder poisons you!
You take 4 damage, and have 33/48 hp.
You barely miss the adder.
You feel sick. The adder barely misses you.
The sky beast hits you but does no damage.
You take 1 damage, and have 32/48 hp.
You barely miss the adder. The adder barely misses you. The sky beast hits you.
The sky beast shocks you.
You take 9 damage, and have 23/48 hp.
You miss the adder.
You feel sick. The adder misses you. The sky beast closely misses you.
You take 1 damage, and have 22/48 hp.
You closely miss the adder. The adder closely misses you.
The sky beast misses you.
You hit the adder. The adder misses you. The adder bites you.
You are more poisoned.
The adder poisons you!
You take 1 damage, and have 21/48 hp.
You now have 2/9 mp.
You closely miss the adder.
You feel sick. The sky beast hits you. The sky beast shocks you.
* * * LOW HITPOINT WARNING * * *
The adder barely misses you.
You take 10 damage, and have 11/48 hp.
MASSIVE DAMAGE!!
Drink which item? (? for menu, Esc to quit)
You feel better.
The sky beast hits you but does no damage.
The adder closely misses you.
You regained 9 hp, and now have 20/48 hp.
You closely miss the adder.
The sky beast flickers out of sight!
Deactivating autopickup; reactivate with Ctrl-A.
Something hits you but does no damage. The adder bites you.
You take 5 damage, and have 15/48 hp.
You barely miss the adder. The adder closely misses you. Something hits you.
* * * LOW HITPOINT WARNING * * *
Something shocks you.
* * * LOW HITPOINT WARNING * * *
You take 8 damage, and have 7/48 hp.
You hit the adder.
You kill the adder!
Something hits you but does no damage.
You now have 1/9 mp.
Your leather armour prevents you from hitting something.
Something completely misses you.
You hit something.
Drink which item? (? for menu, Esc to quit)
You feel better.
Your magical infusion is running out.
Your song is almost over.
Something hits you but does no damage.
You regained 10 hp, and now have 18/48 hp.
You miss something. Something barely misses you.
You closely miss something. Something hits you.
* * * LOW HITPOINT WARNING * * *
Something shocks you.
* * * LOW HITPOINT WARNING * * *
You take 10 damage, and have 8/48 hp.
MASSIVE DAMAGE!!
You closely miss something. Something hits you.
* * * LOW HITPOINT WARNING * * *
Something shocks you.
You die...

...............
...............
.......8.......
...............
...............
...............
.......†.......
.......@.......
.......{.......
...............
...............
...............
.......8.......
...............
...............


There were no monsters in sight!

Vanquished Creatures
  A crimson imp (D:3)
  A hound (D:4)
  An orc wizard (D:3)
  Jessica (D:3)
  2 worker ants (D:4)
  4 gnolls (D:3)
  5 adders
  An adder skeleton (D:4)
  4 worms
  A dart slug (D:4)
  4 giant geckos
  8 orcs
  A ball python (D:4)
  6 bats
  2 giant cockroaches
  6 goblins (D:2)
  4 hobgoblins
  4 jackals (D:2)
  A quokka (D:2)
  A ball python skeleton (D:4)
  6 giant newts
  10 kobolds
  10 rats
84 creatures vanquished.

Notes
Turn   | Place    | Note
--------------------------------------------------------------
     0 | D:1      | tyvek the Merfolk Skald began the quest for the Orb.
     0 | D:1      | Reached XP level 1. HP: 16/16 MP: 3/3
   154 | D:1      | Reached XP level 2. HP: 22/23 MP: 5/5
   162 | D:1      | Learned a level 2 spell: Song of Slaying
   165 | D:1      | Learned a level 2 spell: Shroud of Golubria
   587 | D:1      | Reached skill level 2 in Dodging
   932 | D:2      | Reached XP level 3. HP: 16/28 MP: 1/6
  1239 | D:2      | Reached skill level 4 in Polearms
  1239 | D:2      | Reached XP level 4. HP: 12/34 MP: 1/7
  1477 | D:2      | Reached skill level 4 in Charms
  1700 | D:2      | Reached skill level 3 in Fighting
  2165 | D:3      | Noticed Jessica
  2170 | D:3      | Killed Jessica
  2170 | D:3      | Reached skill level 3 in Dodging
  2232 | D:3      | Reached XP level 5. HP: 31/41 MP: 0/8
  3019 | D:3      | Reached skill level 5 in Polearms
  3030 | D:3      | HP: 8/41 [orc wizard/magic dart (8)]
  3040 | D:3      | Reached XP level 6. HP: 9/47 MP: 9/9
  3504 | D:3      | Learned a level 3 spell: Regeneration
  3854 | D:4      | Reached skill level 5 in Charms
  4061 | D:4      | Reached skill level 4 in Fighting
  4445 | D:4      | Found a white marble altar of Elyvilon.
  4509 | D:4      | Reached skill level 4 in Dodging
  4596 | D:4      | Noticed a sky beast
  4598 | D:4      | Found a staircase to the Ecumenical Temple.
  4598 | D:4      | Noticed a phantom
  4610 | Temple   | Entered the Ecumenical Temple
  4620 | Temple   | HP: 11/48 [sky beast (6)]
  4629 | Temple   | HP: 8/48 [something (6)]
  4630 | Temple   | Slain by a sky beast

Skill      XL: |  1  2  3  4  5  6 |
---------------+-------------------+-----
Dodging        | 2 3 4 |  4.0
Polearms       | 4 5 |  5.5
Charms         | 4 5 |  5.1
Fighting       | 3 4 |  4.1
Armour         | |  0.6
Spellcasting   | |  2.0

Action                   |  1- 3 |  4- 6 || total
-------------------------+-------+-------++-------
Melee: Spear             |   123 |   275 ||   398
Throw: Throwing net      |       |     5 ||     5
 Cast: Infusion          |     5 |    20 ||    25
       Song of Slaying   |       |     2 ||     2
  Use: Scroll            |       |     8 ||     8
       Potion            |       |     2 ||     2
 Stab: Sleeping          |     2 |     3 ||     5
       Held in net/web   |       |     1 ||     1
  Eat: Chunk             |     1 |    18 ||    19
       Bread ration      |       |     1 ||     1
Armor: Leather armour    |    27 |    38 ||    65
Dodge: Dodged            |    51 |   106 ||   157

Vault maps used:
D:1:      dpeg_arrival_fog
D:2:      minmay_misc_feat_plants
D:3:      first_bread, kennysheep_nondescript, st_stairs_6, uniq_jessica
D:4:      nicolae_overflow_crystal_walls, temple_fountains
Temple:   water_room_temple_b_12

Table legend:
 A = Turns spent in this place as a percentage of turns spent in the entire game.
 B = Non-inter-level travel turns spent in this place as a percentage of non-inter-level travel turns spent in the entire game.
 C = Inter-level travel turns spent in this place as a percentage of turns spent in this place.
 D = Turns resting spent in this place as a percentage of non-inter-level travel turns spent in this place.
 E = Turns spent auto-exploring this place as a percentage of non-inter-level travel turns spent in this place.
 F = Non-inter-level travel turns spent in this place divided by the number of levels of this place that you've seen.
                   A       B       C       D       E      F
               +-------+-------+-------+-------+-------+----------------------
         Total | 100.0 | 100.0 |   0.3 |   8.5 |   8.2 | 224.2
       Dungeon |  98.3 |  98.3 |   0.3 |   8.6 |   8.3 | 275.5
        Temple |   1.7 |   1.7 |   0.0 |   0.0 |   0.0 |  19.0
               +-------+-------+-------+-------+-------+----------------------

Table legend:
 A = Kills in this place as a percentage of kills in entire the game.
 B = Kills by you in this place as a percentage of kills by you in the entire game.
 C = Kills by friends in this place as a percentage of kills by friends in the entire game.
 D = Other kills in this place as a percentage of other kills in the entire game.
 E = Experience gained in this place as a percentage of experience gained in the entire game.
 F = Experience gained in this place divided by the number of levels of this place that you have seen.
                   A       B       C       D       E      F
               +-------+-------+-------+-------+-------+----------------------
         Total | 100.0 | 100.0 |  -nan |  -nan | 100.0 | 100.8
       Dungeon |  98.8 |  98.8 |  -nan |  -nan |  97.4 | 122.8
        Temple |   1.2 |   1.2 |  -nan |  -nan |   2.6 |  13.0
               +-------+-------+-------+-------+-------+----------------------
